Sharks vs Blackhawks
Created - May 15, 2017 at 20:13
Goals
|
| Sharks |
1 |
0 |
1 |
2 |
| Blackhawks |
2 |
1 |
0 |
3 |
|
Shots
|
| Sharks |
11 |
5 |
12 |
28 |
| Blackhawks |
12 |
9 |
10 |
31 |
|
1st period
1. Blackhawks , Derick Brassard 45 (Patrick Kane 58, Peter Regin 24) at 8:22
2. Blackhawks , Patrick Kane 56 (Joni Pitkanen 38, Antoine Roussel 41) at 8:32
3. Sharks , Greg Campbell 15 (Lasse Kukkonen 9, Ryane Clowe 9) at 10:51
Penalties :
Joni Pitkanen (Chi) for Hooking (Minor) at 6:05, Patrick Kane (Chi) for Hooking (Minor) at 11:23, Greg Campbell (SJS) for Hooking (Minor) at 17:25
2nd period
4. Blackhawks , Ian White 6 (Jonathan Toews 41, Jason Pominville 38) at 6:39 (PP)
Penalties :
Joni Pitkanen (Chi) for Tripping (Minor) at 0:43, David Legwand (SJS) for Tripping (Minor) at 6:04, Boris Valabik (SJS) for Tripping (Minor) at 8:12, Lasse Kukkonen (SJS) for High sticking (Minor) at 14:01, Kim Johnsson (SJS) for Hooking (Minor) at 18:32
3rd period
5. Sharks , Damien Brunner 12 (Kevin Shattenkirk 54, Antoine Vermette 42) at 16:05
Penalties :
Jonathan Toews (Chi) for Fighting (Major) at 11:16, Greg Campbell (SJS) for Fighting (Major) at 11:16, Derek Boogaard (SJS) for Slashing (Minor) at 11:42, Damien Brunner (SJS) for Hooking (Minor) at 17:44
Goalie Stats
Mike Brodeur (SJS), 28 saves from 31 shots - (0.903), L, 11-11-2, 59:51 minutes
Jimmy Howard (Chi), 26 saves from 28 shots - (0.929), W, 38-22-5, 60:00 minutes
Players Stats for Sharks
Player Name G A P +/- PIM S H SB GA TA FO MP PP MP PK MP
------------------------------------------------------------------------------------
Andrej Sekera 0 0 0 0 0 0 0 0 1 0 0/0 16:42 0:00 5:09
Antoine Vermette 0 1 1 1 0 2 3 0 0 1 6/10 19:20 2:29 5:15
Boris Valabik 0 0 0 -1 2 2 2 1 0 1 0/0 15:26 2:08 1:02
Brad Boyes 0 0 0 -1 0 3 2 0 0 0 1/3 18:01 3:28 0:00
Cal Clutterbuck 0 0 0 -1 0 0 0 0 2 0 0/1 14:10 0:00 7:00
Damien Brunner 1 0 1 1 2 5 0 1 0 0 3/6 13:03 0:00 2:39
David Legwand 0 0 0 -1 2 4 2 0 1 0 12/24 18:00 3:28 0:00
Derek Boogaard 0 0 0 -1 2 3 4 0 1 0 2/3 19:29 3:28 1:13
Erik Cole 0 0 0 1 0 1 4 1 1 0 0/0 18:07 2:29 4:05
Greg Campbell 1 0 1 1 7 2 1 0 0 2 3/8 13:02 0:00 4:46
Kevin Shattenkirk 0 1 1 0 0 2 0 2 0 3 0/0 24:32 3:49 5:27
Kim Johnsson 0 0 0 1 2 0 1 1 0 0 0/0 14:21 0:00 0:23
Lasse Kukkonen 0 1 1 0 2 0 2 2 0 1 0/0 22:56 2:08 5:55
Mike Green 0 0 0 0 0 2 2 1 0 2 0/0 26:44 3:49 7:02
Nick Palmieri 0 0 0 1 0 0 1 0 0 1 0/0 9:23 0:00 0:00
Ryane Clowe 0 1 1 1 0 0 0 0 0 1 0/0 12:03 2:29 0:00
T.J. Hensick 0 0 0 -1 0 2 1 1 0 0 1/2 6:02 0:00 0:00
Tuomo Ruutu 0 0 0 -1 0 0 0 0 0 1 0/0 6:02 0:00 0:00
Players Stats for Blackhawks
Player Name G A P +/- PIM S H SB GA TA FO MP PP MP PK MP
------------------------------------------------------------------------------------
Antoine Roussel 0 1 1 2 0 2 2 1 0 0 0/0 21:43 7:26 0:00
Carson Mcmillan 0 0 0 -1 0 2 0 0 0 0 0/1 9:01 0:00 1:52
Chad Larose 0 0 0 -1 0 0 2 0 1 0 0/0 12:59 0:00 3:42
Dave Tanabe 0 0 0 0 0 0 1 0 1 0 0/0 9:51 0:00 0:15
Denis Grebeshkov 0 0 0 0 0 1 2 0 0 0 0/0 21:00 3:34 1:53
Derick Brassard 1 0 1 2 0 2 0 0 1 1 14/26 21:50 7:33 0:00
Ian White 1 0 1 1 0 7 2 2 1 1 0/0 29:10 8:55 3:25
Jason Pominville 0 1 1 0 0 2 1 0 0 0 1/3 15:54 5:03 0:00
Jonathan Toews 0 1 1 0 5 2 0 0 0 0 6/12 16:11 3:58 1:52
Joni Pitkanen 0 1 1 0 4 4 0 0 2 0 0/0 26:44 8:55 1:17
Kurt Sauer 0 0 0 -1 0 0 1 1 0 2 0/0 21:14 3:34 2:32
Kyle Brodziak 0 0 0 -1 0 1 2 0 1 0 0/3 7:59 0:58 0:00
Oleg Saprykin 0 0 0 -1 0 0 1 0 0 0 1/1 7:35 0:00 0:23
Patrick Kane 1 1 2 2 2 5 4 2 1 1 0/1 21:43 7:26 0:00
Peter Regin 0 1 1 -1 0 1 0 1 1 0 6/9 12:48 0:00 3:42
Ryan Hollweg 0 0 0 0 0 1 2 0 1 1 0/0 16:17 5:03 0:23
Ryan O'Byrne 0 0 0 0 0 0 1 0 2 0 0/0 12:08 0:00 2:32
Tomas Fleischmann 0 0 0 -1 0 1 1 0 1 0 1/1 9:52 0:00 0:00
3 Stars
1 - Patrick Kane (Chi)
2 - Ian White (Chi)
3 - Derick Brassard (Chi)
Power Play
Sharks - 0 on 3 Attempt(s) - 0.00%
Blackhawks - 1 on 7 Attempt(s) - 14.29%
Penalty Kill
Sharks - 6 on 7 Attempt(s) - 85.71%
- Score 0 goal in Penalty Kill
Blackhawks - 3 on 3 Attempt(s) - 100.00%
- Score 0 goal in Penalty Kill
Team Stat
Sharks - Hits : 25 - Faceoff Wins : 28 - Blocked Shots : 10 - Penalty Minutes : 19
Blackhawks - Hits : 22 - Faceoff Wins : 29 - Blocked Shots : 7 - Penalty Minutes : 11
Official
Referees : Kozari Steve and McCreary Bill
Linesman : Tim Nowak and Scott Driscoll
Game Notes
6:39 of 2nd period - Blackhawks goal is going for a video replay. After video review, Goal.
Jonathan Toews and Greg Campbell fight to a draw at 11:16 of 3rd period
Finance
Level 1 -- Attendance: 4149 (69.15%) -- Ticket Income $385,857
Level 2 -- Attendance: 3269 (65.38%) -- Ticket Income $189,602
Level 3 -- Attendance: 1488 (74.40%) -- Ticket Income $55,056
Level 4 -- Attendance: 2805 (70.13%) -- Ticket Income $72,930
Luxury Box -- Attendance: 781 (78.10%) -- Ticket Income $135,113
Game was played at the Rexall Place.
Total Attendance: 12492 (69.40%)
Total Ticket Income: $838,558
Other Income: $125,784
Total Income: $964,342
Sharks
5 vs 5 Forward
Center Left Wing Right Wing Time % Phy DF OF
1 David Legwand Derek Boogaard Brad Boyes 40 1 1 3
2 Antoine Vermette Erik Cole Damien Brunner 30 1 1 3
3 Greg Campbell Ryane Clowe Nick Palmieri 20 1 1 3
4 T.J. Hensick Tuomo Ruutu Cal Clutterbuck 10 1 1 3
5 vs 5 Defense
Defense Defense Time % Phy DF OF
1 Mike Green Kevin Shattenkirk 40 1 2 2
2 Kim Johnsson Lasse Kukkonen 30 1 2 2
3 Andrej Sekera Boris Valabik 20 1 2 2
4 Mike Green Kevin Shattenkirk 10 1 2 2
PowerPlay Forward
Center Left Wing Right Wing Time % Phy DF OF
1 David Legwand Derek Boogaard Brad Boyes 60 1 0 4
2 Antoine Vermette Erik Cole Ryane Clowe 40 1 0 4
PowerPlay Defense
Defense Defense Time % Phy DF OF
1 Mike Green Kevin Shattenkirk 60 1 1 3
2 Boris Valabik Lasse Kukkonen 40 1 1 3
Penalty Kill 4 Players Forward
Center Wing Time % Phy DF OF
1 Greg Campbell Cal Clutterbuck 60 2 3 0
2 Antoine Vermette Erik Cole 40 2 3 0
Penalty Kill 4 Players Defense
Defense Defense Time % Phy DF OF
1 Mike Green Lasse Kukkonen 60 2 3 0
2 Andrej Sekera Kevin Shattenkirk 40 2 3 0
Penalty Kill - 3 Players Forward
Forward Time % Phy DF OF
1 Greg Campbell 60 1 4 0
2 Erik Cole 40 1 4 0
Penalty Kill - 3 Players Defense
Defense Defense Time % Phy DF OF
1 Mike Green Lasse Kukkonen 60 1 4 0
2 Andrej Sekera Kevin Shattenkirk 40 1 4 0
4 vs 4 Forward
Center Wing Time % Phy DF OF
1 David Legwand Brad Boyes 60 1 1 3
2 Antoine Vermette Erik Cole 40 1 1 3
4 vs 4 Defense
Defense Defense Time % Phy DF OF
1 Mike Green Kevin Shattenkirk 60 1 1 3
2 Boris Valabik Lasse Kukkonen 40 1 1 3
Last Minutes Offensive
Center Left Wing Right Wing Defense Defense
David Legwand Derek Boogaard Brad Boyes Mike Green Kevin Shattenkirk
Last Minutes Defensive
Center Left Wing Right Wing Defense Defense
Greg Campbell Erik Cole Cal Clutterbuck Mike Green Lasse Kukkonen
Goaltenders
Starting : Mike Brodeur
Backup : Frederik Andersen
Extra Forwards
Normal : Cal Clutterbuck, T.J. Hensick, Nick Palmieri - PP : Tuomo Ruutu, Cal Clutterbuck - PK : Damien Brunner
Extra Defensemen
Normal : Andrej Sekera, Boris Valabik, Kim Johnsson - PP : Andrej Sekera - PK : Boris Valabik, Kim Johnsson
Penalty Shots
Mike Green, Tuomo Ruutu, Greg Campbell, Antoine Vermette, Derek Boogaard
Scratches
Mark Streit (Healthy), Martin Erat (Healthy), Oskar Osala (Healthy)
Blackhawks
5 vs 5 Forward
Center Left Wing Right Wing Time % Phy DF OF
1 Derick Brassard Antoine Roussel Patrick Kane 40 1 2 2
2 Jonathan Toews Ryan Hollweg Jason Pominville 30 1 2 2
3 Peter Regin Tomas Fleischmann Chad Larose 20 1 2 2
4 Kyle Brodziak Oleg Saprykin Carson Mcmillan 10 1 2 2
5 vs 5 Defense
Defense Defense Time % Phy DF OF
1 Ian White Joni Pitkanen 40 1 2 2
2 Kurt Sauer Denis Grebeshkov 30 1 2 2
3 Ryan O'Byrne Dave Tanabe 20 1 2 2
4 Ian White Joni Pitkanen 10 1 2 2
PowerPlay Forward
Center Left Wing Right Wing Time % Phy DF OF
1 Derick Brassard Antoine Roussel Patrick Kane 60 1 2 2
2 Jonathan Toews Ryan Hollweg Jason Pominville 40 1 2 2
PowerPlay Defense
Defense Defense Time % Phy DF OF
1 Ian White Joni Pitkanen 60 1 2 2
2 Kurt Sauer Denis Grebeshkov 40 1 2 2
Penalty Kill 4 Players Forward
Center Wing Time % Phy DF OF
1 Peter Regin Chad Larose 60 1 2 2
2 Jonathan Toews Carson Mcmillan 40 1 2 2
Penalty Kill 4 Players Defense
Defense Defense Time % Phy DF OF
1 Ian White Joni Pitkanen 60 1 2 2
2 Kurt Sauer Ryan O'Byrne 40 1 2 2
Penalty Kill - 3 Players Forward
Forward Time % Phy DF OF
1 Peter Regin 60 1 2 2
2 Jonathan Toews 40 1 2 2
Penalty Kill - 3 Players Defense
Defense Defense Time % Phy DF OF
1 Ian White Joni Pitkanen 60 1 2 2
2 Kurt Sauer Ryan O'Byrne 40 1 2 2
4 vs 4 Forward
Center Wing Time % Phy DF OF
1 Derick Brassard Patrick Kane 60 1 2 2
2 Jonathan Toews Antoine Roussel 40 1 2 2
4 vs 4 Defense
Defense Defense Time % Phy DF OF
1 Ian White Joni Pitkanen 60 1 2 2
2 Kurt Sauer Denis Grebeshkov 40 1 2 2
Last Minutes Offensive
Center Left Wing Right Wing Defense Defense
Derick Brassard Antoine Roussel Patrick Kane Ian White Joni Pitkanen
Last Minutes Defensive
Center Left Wing Right Wing Defense Defense
Derick Brassard Antoine Roussel Patrick Kane Ian White Joni Pitkanen
Goaltenders
Starting : Jimmy Howard
Backup : Al Montoya
Extra Forwards
Normal : Tomas Fleischmann, Antoine Roussel, Oleg Saprykin - PP : Patrick Kane, Derick Brassard - PK : Oleg Saprykin
Extra Defensemen
Normal : Joni Pitkanen, Denis Grebeshkov, Kurt Sauer - PP : Joni Pitkanen - PK : Denis Grebeshkov, Kurt Sauer
Penalty Shots
Patrick Kane, Jason Pominville, Derick Brassard, Jonathan Toews, Antoine Roussel
Scratches
None
% Time on Ice - Sharks
Lines # - Real PCT - Wanted PCT - Time Play
Normal Forward
1 - 35% - 40% - 14:36
2 - 27% - 30% - 11:17
3 - 23% - 20% - 9:23
4 - 15% - 10% - 6:02
Normal Defense
1 - 39% - 40% - 15:58
2 - 35% - 30% - 14:39
3 - 26% - 20% - 10:38
4 - 0% - 10% - 0:03
PP Forward
1 - 58% - 60% - 3:28
2 - 42% - 40% - 2:29
PP Defense
1 - 64% - 60% - 3:49
2 - 36% - 40% - 2:08
PK Forward
1 - 75% - 60% - 9:23
2 - 25% - 40% - 3:06
PK Defense
1 - 59% - 60% - 7:20
2 - 41% - 40% - 5:09
PK3 Forward
1 - 0% - 60%
2 - 0% - 40%
PK3 Defense
1 - 0% - 60%
2 - 0% - 40%
44 Forward
1 - 0% - 60%
2 - 0% - 40%
44 Defense
1 - 0% - 60%
2 - 0% - 40%
Last Minute Offensive - 0:16
Last Minute Defensive - 0:00
Total
Forward - 60:00
Defense - 60:00
|
% Time on Ice - Blackhawks
Lines # - Real PCT - Wanted PCT - Time Play
Normal Forward
1 - 35% - 40% - 14:19
2 - 27% - 30% - 10:59
3 - 22% - 20% - 9:04
4 - 17% - 10% - 7:01
Normal Defense
1 - 40% - 40% - 16:25
2 - 36% - 30% - 14:57
3 - 23% - 20% - 9:36
4 - 1% - 10% - 0:25
PP Forward
1 - 60% - 60% - 7:26
2 - 40% - 40% - 5:03
PP Defense
1 - 71% - 60% - 8:55
2 - 29% - 40% - 3:34
PK Forward
1 - 69% - 60% - 4:05
2 - 31% - 40% - 1:52
PK Defense
1 - 57% - 60% - 3:25
2 - 43% - 40% - 2:32
PK3 Forward
1 - 0% - 60%
2 - 0% - 40%
PK3 Defense
1 - 0% - 60%
2 - 0% - 40%
44 Forward
1 - 0% - 60%
2 - 0% - 40%
44 Defense
1 - 0% - 60%
2 - 0% - 40%
Last Minute Offensive - 0:00
Last Minute Defensive - 0:11
Total
Forward - 60:00
Defense - 60:00
|
Play by Play
1st period
0:01 of 1st period - David Legwand wins face-off versus Derick Brassard in neutral zone.
0:04 of 1st period - Slapshot by Mike Green.
0:04 of 1st period - Shot Misses the Net.
0:06 of 1st period - Snap shot by Brad Boyes.
0:06 of 1st period - Stopped by Jimmy Howard without a rebound.
0:07 of 1st period - David Legwand wins face-off versus Derick Brassard in Blackhawks zone.
0:10 of 1st period - Snap shot by David Legwand.
0:10 of 1st period - Shot Misses the Net.
0:12 of 1st period - Slapshot by Mike Green.
0:12 of 1st period - Shot Misses the Net.
0:14 of 1st period - Slapshot by Mike Green.
0:14 of 1st period - Shot Blocked by Patrick Kane.
0:16 of 1st period - Slapshot by Kevin Shattenkirk.
0:16 of 1st period - Stopped by Jimmy Howard without a rebound.
0:17 of 1st period - Jonathan Toews wins face-off versus Antoine Vermette in Blackhawks zone.
0:50 of 1st period - Slapshot by Lasse Kukkonen.
0:50 of 1st period - Shot Blocked by Peter Regin.
1:08 of 1st period - Wrist shot by Derek Boogaard.
1:08 of 1st period - Stopped by Jimmy Howard without a rebound.
1:09 of 1st period - Derick Brassard wins face-off versus T.J. Hensick in Blackhawks zone.
1:24 of 1st period - Slapshot by T.J. Hensick.
1:24 of 1st period - Shot Blocked by Ian White.
1:39 of 1st period - Mike Green is hit by Ian White and loses puck.
2:04 of 1st period - Snap shot by Kyle Brodziak.
2:04 of 1st period - Deflect By Carson Mcmillan.
2:04 of 1st period - Stopped by Mike Brodeur without a rebound.
2:05 of 1st period - David Legwand wins face-off versus Derick Brassard in Sharks zone.
2:05 of 1st period - David Legwand is hit by Patrick Kane.
2:55 of 1st period - Wrist shot by T.J. Hensick.
2:55 of 1st period - Stopped by Jimmy Howard without a rebound.
2:56 of 1st period - T.J. Hensick wins face-off versus Kyle Brodziak in Blackhawks zone.
3:05 of 1st period - Wrist shot by T.J. Hensick.
3:05 of 1st period - Stopped by Jimmy Howard with a rebound.
3:23 of 1st period - Ryan O'Byrne is hit by T.J. Hensick and loses puck.
4:08 of 1st period - Slapshot by Mike Green.
4:08 of 1st period - Stopped by Jimmy Howard without a rebound.
4:09 of 1st period - David Legwand wins face-off versus Derick Brassard in Blackhawks zone.
4:14 of 1st period - Snap shot by David Legwand.
4:14 of 1st period - Stopped by Jimmy Howard with a rebound.
4:19 of 1st period - Off-side.
4:20 of 1st period - Jason Pominville wins face-off versus David Legwand in neutral zone.
4:27 of 1st period - Snap shot by Jonathan Toews.
4:27 of 1st period - Stopped by Mike Brodeur with a rebound.
4:45 of 1st period - Kim Johnsson is hit by Antoine Roussel and loses puck.
5:10 of 1st period - Peter Regin is hit by Greg Campbell and loses puck.
5:25 of 1st period - Andrej Sekera is hit by Jason Pominville and loses puck.
6:05 of 1st period - Minor Penalty to Joni Pitkanen for Hooking.
6:06 of 1st period - Peter Regin wins face-off versus David Legwand in Blackhawks zone.
6:06 of 1st period - Peter Regin is hit by Derek Boogaard.
6:20 of 1st period - Slapshot by Brad Boyes.
6:20 of 1st period - Stopped by Jimmy Howard without a rebound.
6:21 of 1st period - Peter Regin wins face-off versus David Legwand in Blackhawks zone.
6:34 of 1st period - Slapshot by Mike Green.
6:34 of 1st period - Stopped by Jimmy Howard without a rebound.
6:35 of 1st period - Peter Regin wins face-off versus David Legwand in Blackhawks zone.
7:04 of 1st period - Slapshot by Mike Green.
7:04 of 1st period - Shot Misses the Net.
7:44 of 1st period - Snap shot by Peter Regin.
7:44 of 1st period - Stopped by Mike Brodeur without a rebound.
7:45 of 1st period - Antoine Vermette wins face-off versus Jonathan Toews in Sharks zone.
8:00 of 1st period - Snap shot by David Legwand.
8:00 of 1st period - Stopped by Jimmy Howard with a rebound.
8:05 of 1st period - Penalty to Joni Pitkanen is over, Joni Pitkanen is back on ice.
8:22 of 1st period - Snap shot by Derick Brassard.
8:22 of 1st period - Goal by Derick Brassard - Sharks : 0 - Blackhawks : 1.
8:23 of 1st period - Derick Brassard wins face-off versus David Legwand in neutral zone.
8:26 of 1st period - Slapshot by Joni Pitkanen.
8:26 of 1st period - Deflect By Derek Boogaard.
8:26 of 1st period - Stopped by Mike Brodeur with a rebound.
8:28 of 1st period - Slapshot by Ian White.
8:28 of 1st period - Shot Blocked by Mike Green.
8:30 of 1st period - Slapshot by Antoine Roussel.
8:30 of 1st period - Shot Misses the Net.
8:32 of 1st period - Slapshot by Joni Pitkanen.
8:32 of 1st period - Deflect By Patrick Kane.
8:32 of 1st period - Goal by Patrick Kane - Sharks : 0 - Blackhawks : 2.
8:33 of 1st period - David Legwand wins face-off versus Jonathan Toews in neutral zone.
9:04 of 1st period - Derick Brassard is hit by Erik Cole and loses puck.
9:13 of 1st period - Mike Green is hit by Patrick Kane and loses puck.
9:24 of 1st period - Mike Green is hit by Chad Larose and loses puck.
10:23 of 1st period - Derick Brassard is hit by Erik Cole.
10:51 of 1st period - Slapshot by Greg Campbell.
10:51 of 1st period - Goal by Greg Campbell - Sharks : 1 - Blackhawks : 2.
10:52 of 1st period - Derick Brassard wins face-off versus David Legwand in neutral zone.
10:57 of 1st period - Snap shot by Derick Brassard.
10:57 of 1st period - Stopped by Mike Brodeur with a rebound.
10:59 of 1st period - Slapshot by Ian White.
10:59 of 1st period - Stopped by Mike Brodeur without a rebound.
11:00 of 1st period - David Legwand wins face-off versus Derick Brassard in Sharks zone.
11:23 of 1st period - Minor Penalty to Patrick Kane for Hooking.
11:24 of 1st period - Peter Regin wins face-off versus David Legwand in Blackhawks zone.
11:28 of 1st period - Slapshot by Joni Pitkanen.
11:28 of 1st period - Shot Misses the Net.
12:21 of 1st period - Lasse Kukkonen is hit by Kurt Sauer and loses puck.
12:28 of 1st period - Boris Valabik is hit by Ryan O'Byrne and loses puck.
13:23 of 1st period - Penalty to Patrick Kane is over, Patrick Kane is back on ice.
13:39 of 1st period - Wrist shot by Patrick Kane.
13:39 of 1st period - Stopped by Mike Brodeur with a rebound.
13:59 of 1st period - Mike Green is hit by Oleg Saprykin.
14:05 of 1st period - Slapshot by Dave Tanabe.
14:05 of 1st period - Shot Blocked by T.J. Hensick.
14:36 of 1st period - Cal Clutterbuck is hit by Patrick Kane and loses puck.
14:57 of 1st period - Ryan Hollweg is hit by Kim Johnsson and loses puck.
15:08 of 1st period - Ryane Clowe is hit by Dave Tanabe and loses puck.
15:25 of 1st period - Andrej Sekera is hit by Antoine Roussel and loses puck.
15:34 of 1st period - Ian White is hit by Derek Boogaard.
15:48 of 1st period - Ian White is hit by Erik Cole and loses puck.
16:27 of 1st period - Ryane Clowe is hit by Kyle Brodziak.
16:41 of 1st period - Antoine Vermette is hit by Tomas Fleischmann and loses puck.
16:48 of 1st period - Wrist shot by Tomas Fleischmann.
16:48 of 1st period - Shot Blocked by Kim Johnsson.
16:50 of 1st period - Slapshot by Dave Tanabe.
16:50 of 1st period - Shot Blocked by Erik Cole.
16:52 of 1st period - Slapshot by Ryan O'Byrne.
16:52 of 1st period - Shot Blocked by Damien Brunner.
17:25 of 1st period - Minor Penalty to Greg Campbell for Hooking.
17:26 of 1st period - Damien Brunner wins face-off versus Derick Brassard in Sharks zone.
17:26 of 1st period - Damien Brunner is hit by Ian White.
18:00 of 1st period - Slapshot by Patrick Kane.
18:00 of 1st period - Stopped by Mike Brodeur with a rebound.
18:02 of 1st period - Wrist shot by Joni Pitkanen.
18:02 of 1st period - Stopped by Mike Brodeur with a rebound.
18:04 of 1st period - Wrist shot by Patrick Kane.
18:04 of 1st period - Stopped by Mike Brodeur without a rebound.
18:05 of 1st period - Jonathan Toews wins face-off versus Damien Brunner in Sharks zone.
19:25 of 1st period - Penalty to Greg Campbell is over, Greg Campbell is back on ice.
19:39 of 1st period - Derek Boogaard is hit by Chad Larose and loses puck.
Goals for this period are 1 for Sharks vs 2 for Blackhawks.
Shots for this period are 11 for Sharks vs 12 for Blackhawks.
2nd period
0:01 of 2nd period - Derick Brassard wins face-off versus Brad Boyes in neutral zone.
0:26 of 2nd period - Ian White is hit by Antoine Vermette and loses puck.
0:43 of 2nd period - Minor Penalty to Joni Pitkanen for Tripping.
0:44 of 2nd period - David Legwand wins face-off versus Peter Regin in Blackhawks zone.
1:21 of 2nd period - Off-side.
1:22 of 2nd period - Jonathan Toews wins face-off versus David Legwand in neutral zone.
1:25 of 2nd period - Slapshot by Denis Grebeshkov.
1:25 of 2nd period - Shot Blocked by Lasse Kukkonen.
1:49 of 2nd period - Peter Regin is hit by Lasse Kukkonen and loses puck.
2:30 of 2nd period - Kurt Sauer is hit by Mike Green and loses puck.
2:43 of 2nd period - Penalty to Joni Pitkanen is over, Joni Pitkanen is back on ice.
4:17 of 2nd period - Snap shot by Joni Pitkanen.
4:17 of 2nd period - Stopped by Mike Brodeur with a rebound.
4:19 of 2nd period - Snap shot by Carson Mcmillan.
4:19 of 2nd period - Stopped by Mike Brodeur without a rebound.
4:20 of 2nd period - Antoine Vermette wins face-off versus Derick Brassard in Sharks zone.
4:27 of 2nd period - Slapshot by Erik Cole.
4:27 of 2nd period - Stopped by Jimmy Howard without a rebound.
4:28 of 2nd period - Derick Brassard wins face-off versus Antoine Vermette in Blackhawks zone.
4:30 of 2nd period - Icing by Patrick Kane.
4:31 of 2nd period - Derick Brassard wins face-off versus David Legwand in Blackhawks zone.
4:31 of 2nd period - Derick Brassard is hit by Brad Boyes.
4:37 of 2nd period - Mike Green is hit by Denis Grebeshkov and loses puck.
4:58 of 2nd period - Ryan Hollweg is hit by Antoine Vermette.
5:42 of 2nd period - Brad Boyes is hit by Patrick Kane and loses puck.
6:04 of 2nd period - Minor Penalty to David Legwand for Tripping.
6:05 of 2nd period - Greg Campbell wins face-off versus Patrick Kane in Sharks zone.
6:35 of 2nd period - Slapshot by Jonathan Toews.
6:35 of 2nd period - Stopped by Mike Brodeur with a rebound.
6:37 of 2nd period - Slapshot by Ian White.
6:37 of 2nd period - Stopped by Mike Brodeur with a rebound.
6:39 of 2nd period - Slapshot by Ian White.
6:39 of 2nd period - Blackhawks goal is going for a video replay.
6:39 of 2nd period - The goal is good.
6:39 of 2nd period - Goal by Ian White - Sharks : 1 - Blackhawks : 3.
6:40 of 2nd period - Derick Brassard wins face-off versus Brad Boyes in neutral zone.
7:05 of 2nd period - Erik Cole is hit by Ryan Hollweg and loses puck.
7:27 of 2nd period - Off-side.
7:28 of 2nd period - David Legwand wins face-off versus Kyle Brodziak in neutral zone.
8:12 of 2nd period - Minor Penalty to Boris Valabik for Tripping.
8:13 of 2nd period - Derick Brassard wins face-off versus Greg Campbell in Sharks zone.
9:12 of 2nd period - Slapshot by Kurt Sauer.
9:12 of 2nd period - Shot Misses the Net.
10:12 of 2nd period - Penalty to Boris Valabik is over, Boris Valabik is back on ice.
10:39 of 2nd period - Ryan O'Byrne is hit by David Legwand and loses puck.
10:46 of 2nd period - Oleg Saprykin is hit by David Legwand and loses puck.
10:59 of 2nd period - Tomas Fleischmann is hit by Nick Palmieri and loses puck.
11:06 of 2nd period - Snap shot by Greg Campbell.
11:06 of 2nd period - Stopped by Jimmy Howard without a rebound.
11:07 of 2nd period - Derek Boogaard wins face-off versus Jason Pominville in Blackhawks zone.
11:20 of 2nd period - Wrist shot by Jonathan Toews.
11:20 of 2nd period - Shot Misses the Net.
11:34 of 2nd period - Slapshot by Boris Valabik.
11:34 of 2nd period - Stopped by Jimmy Howard with a rebound.
11:52 of 2nd period - Wrist shot by Denis Grebeshkov.
11:52 of 2nd period - Stopped by Mike Brodeur without a rebound.
11:53 of 2nd period - Antoine Vermette wins face-off versus Peter Regin in Sharks zone.
12:02 of 2nd period - Snap shot by Tomas Fleischmann.
12:02 of 2nd period - Stopped by Mike Brodeur with a rebound.
12:58 of 2nd period - Off-side.
12:59 of 2nd period - Antoine Vermette wins face-off versus Kyle Brodziak in neutral zone.
13:02 of 2nd period - Slapshot by Kevin Shattenkirk.
13:02 of 2nd period - Deflect By Erik Cole.
13:02 of 2nd period - Shot Misses the Net.
13:02 of 2nd period - Puck is out of play.
13:03 of 2nd period - Oleg Saprykin wins face-off versus Damien Brunner in Blackhawks zone.
13:03 of 2nd period - Oleg Saprykin is hit by Mike Green.
13:17 of 2nd period - Wrist shot by Damien Brunner.
13:17 of 2nd period - Stopped by Jimmy Howard with a rebound.
13:19 of 2nd period - Wrist shot by Erik Cole.
13:19 of 2nd period - Deflect By Damien Brunner.
13:19 of 2nd period - Stopped by Jimmy Howard with a rebound.
14:01 of 2nd period - Minor Penalty to Lasse Kukkonen for High sticking.
14:02 of 2nd period - Greg Campbell wins face-off versus Derick Brassard in Sharks zone.
15:46 of 2nd period - Ian White is hit by Boris Valabik and loses puck.
16:01 of 2nd period - Penalty to Lasse Kukkonen is over, Lasse Kukkonen is back on ice.
16:14 of 2nd period - Derek Boogaard is hit by Denis Grebeshkov and loses puck.
16:19 of 2nd period - Snap shot by Peter Regin.
16:19 of 2nd period - Shot Misses the Net.
16:34 of 2nd period - Kim Johnsson is hit by Kyle Brodziak and loses puck.
16:39 of 2nd period - Wrist shot by Oleg Saprykin.
16:39 of 2nd period - Shot Blocked by Lasse Kukkonen.
17:00 of 2nd period - Ryan O'Byrne is hit by Derek Boogaard and loses puck.
17:34 of 2nd period - Slapshot by Jason Pominville.
17:34 of 2nd period - Stopped by Mike Brodeur without a rebound.
17:35 of 2nd period - Derek Boogaard wins face-off versus Jonathan Toews in Sharks zone.
17:47 of 2nd period - Snap shot by Ian White.
17:47 of 2nd period - Stopped by Mike Brodeur without a rebound.
17:48 of 2nd period - Derick Brassard wins face-off versus David Legwand in Sharks zone.
18:16 of 2nd period - Icing by Damien Brunner.
18:17 of 2nd period - Jonathan Toews wins face-off versus Greg Campbell in Sharks zone.
18:32 of 2nd period - Minor Penalty to Kim Johnsson for Hooking.
18:33 of 2nd period - Derick Brassard wins face-off versus Greg Campbell in Sharks zone.
Goals for this period are 0 for Sharks vs 1 for Blackhawks.
Shots for this period are 5 for Sharks vs 9 for Blackhawks.
3rd period
0:01 of 3rd period - Derick Brassard wins face-off versus Greg Campbell in neutral zone.
0:08 of 3rd period - Slapshot by Joni Pitkanen.
0:08 of 3rd period - Stopped by Mike Brodeur with a rebound.
0:32 of 3rd period - Penalty to Kim Johnsson is over, Kim Johnsson is back on ice.
0:59 of 3rd period - Icing by Kurt Sauer.
1:00 of 3rd period - David Legwand wins face-off versus Peter Regin in Blackhawks zone.
1:03 of 3rd period - Wrist shot by David Legwand.
1:03 of 3rd period - Stopped by Jimmy Howard with a rebound.
1:21 of 3rd period - Slapshot by Kurt Sauer.
1:21 of 3rd period - Shot Blocked by Boris Valabik.
2:10 of 3rd period - Off-side.
2:11 of 3rd period - Brad Boyes wins face-off versus Jason Pominville in neutral zone.
2:42 of 3rd period - Slapshot by Lasse Kukkonen.
2:42 of 3rd period - Shot Misses the Net.
2:44 of 3rd period - Wrist shot by Antoine Vermette.
2:44 of 3rd period - Stopped by Jimmy Howard with a rebound.
2:46 of 3rd period - Snap shot by Antoine Vermette.
2:46 of 3rd period - Shot Misses the Net.
2:48 of 3rd period - Slapshot by Kim Johnsson.
2:48 of 3rd period - Shot Blocked by Antoine Roussel.
4:11 of 3rd period - Wrist shot by Damien Brunner.
4:11 of 3rd period - Shot Blocked by Kurt Sauer.
4:48 of 3rd period - Denis Grebeshkov is hit by Lasse Kukkonen and loses puck.
5:28 of 3rd period - Icing by Antoine Vermette.
5:29 of 3rd period - Derick Brassard wins face-off versus Antoine Vermette in Sharks zone.
5:40 of 3rd period - Snap shot by Antoine Roussel.
5:40 of 3rd period - Stopped by Mike Brodeur with a rebound.
5:56 of 3rd period - Joni Pitkanen is hit by Derek Boogaard and loses puck.
6:01 of 3rd period - Slapshot by Brad Boyes.
6:01 of 3rd period - Deflect By David Legwand.
6:01 of 3rd period - Stopped by Jimmy Howard with a rebound.
6:03 of 3rd period - Wrist shot by Derek Boogaard.
6:03 of 3rd period - Stopped by Jimmy Howard with a rebound.
6:05 of 3rd period - Wrist shot by Brad Boyes.
6:05 of 3rd period - Deflect By David Legwand.
6:05 of 3rd period - Shot Blocked by Ian White.
6:05 of 3rd period - Puck is out of play.
6:06 of 3rd period - David Legwand wins face-off versus Derick Brassard in Blackhawks zone.
6:31 of 3rd period - Jason Pominville is hit by Erik Cole and loses puck.
7:47 of 3rd period - Snap shot by Ryan Hollweg.
7:47 of 3rd period - Stopped by Mike Brodeur without a rebound.
7:48 of 3rd period - Jonathan Toews wins face-off versus Antoine Vermette in Sharks zone.
8:19 of 3rd period - Wrist shot by Brad Boyes.
8:19 of 3rd period - Stopped by Jimmy Howard with a rebound.
8:54 of 3rd period - Wrist shot by Chad Larose.
8:54 of 3rd period - Shot Misses the Net.
9:46 of 3rd period - Wrist shot by Jason Pominville.
9:46 of 3rd period - Deflect By Ryan Hollweg.
9:46 of 3rd period - Shot Misses the Net.
9:46 of 3rd period - Puck is out of play.
9:47 of 3rd period - Jonathan Toews wins face-off versus David Legwand in Sharks zone.
10:12 of 3rd period - Derick Brassard is hit by Antoine Vermette and loses puck.
10:17 of 3rd period - Slapshot by Antoine Vermette.
10:17 of 3rd period - Shot Blocked by Patrick Kane.
10:19 of 3rd period - Slapshot by Boris Valabik.
10:19 of 3rd period - Stopped by Jimmy Howard with a rebound.
10:21 of 3rd period - Snap shot by Damien Brunner.
10:21 of 3rd period - Stopped by Jimmy Howard without a rebound.
10:22 of 3rd period - Antoine Vermette wins face-off versus Jonathan Toews in Blackhawks zone.
10:23 of 3rd period - Slapshot by Damien Brunner.
10:23 of 3rd period - Deflect By Antoine Vermette.
10:23 of 3rd period - Stopped by Jimmy Howard without a rebound.
10:24 of 3rd period - Damien Brunner wins face-off versus Jonathan Toews in Blackhawks zone.
11:11 of 3rd period - Snap shot by Tomas Fleischmann.
11:11 of 3rd period - Shot Misses the Net.
11:13 of 3rd period - Snap shot by Peter Regin.
11:13 of 3rd period - Shot Misses the Net.
11:15 of 3rd period - Slapshot by Ian White.
11:15 of 3rd period - Stopped by Mike Brodeur without a rebound.
11:16 of 3rd period - Greg Campbell wins face-off versus Jonathan Toews in Sharks zone.
11:16 of 3rd period - Jonathan Toews and Greg Campbell fight to a draw.
11:16 of 3rd period - Penalty to Jonathan Toews for Fighting.
11:16 of 3rd period - Penalty to Greg Campbell for Fighting.
11:17 of 3rd period - David Legwand wins face-off versus Derick Brassard in Sharks zone.
11:42 of 3rd period - Minor Penalty to Derek Boogaard for Slashing.
11:43 of 3rd period - Damien Brunner wins face-off versus Derick Brassard in Sharks zone.
12:42 of 3rd period - Cal Clutterbuck is hit by Ryan Hollweg and loses puck.
12:59 of 3rd period - Snap shot by Ryan Hollweg.
12:59 of 3rd period - Deflect By Kyle Brodziak.
12:59 of 3rd period - Stopped by Mike Brodeur with a rebound.
13:01 of 3rd period - Slapshot by Ian White.
13:01 of 3rd period - Stopped by Mike Brodeur with a rebound.
13:03 of 3rd period - Snap shot by Ryan Hollweg.
13:03 of 3rd period - Deflect By Jason Pominville.
13:03 of 3rd period - Stopped by Mike Brodeur with a rebound.
13:05 of 3rd period - Slapshot by Ian White.
13:05 of 3rd period - Shot Misses the Net.
13:07 of 3rd period - Slapshot by Ian White.
13:07 of 3rd period - Deflect By Cal Clutterbuck.
13:07 of 3rd period - Stopped by Mike Brodeur without a rebound.
13:08 of 3rd period - Derick Brassard wins face-off versus Damien Brunner in Sharks zone.
13:13 of 3rd period - Snap shot by Patrick Kane.
13:13 of 3rd period - Stopped by Mike Brodeur with a rebound.
13:15 of 3rd period - Snap shot by Antoine Roussel.
13:15 of 3rd period - Stopped by Mike Brodeur with a rebound.
13:42 of 3rd period - Penalty to Derek Boogaard is over, Derek Boogaard is back on ice.
13:57 of 3rd period - Snap shot by Derek Boogaard.
13:57 of 3rd period - Deflect By Antoine Vermette.
13:57 of 3rd period - Shot Misses the Net.
13:57 of 3rd period - Puck is out of play.
13:58 of 3rd period - Peter Regin wins face-off versus David Legwand in Blackhawks zone.
14:25 of 3rd period - Kyle Brodziak is hit by Boris Valabik and loses puck.
14:32 of 3rd period - Slapshot by Kevin Shattenkirk.
14:32 of 3rd period - Stopped by Jimmy Howard with a rebound.
15:09 of 3rd period - Icing by Jason Pominville.
15:10 of 3rd period - Tomas Fleischmann wins face-off versus Derek Boogaard in Blackhawks zone.
16:01 of 3rd period - Icing by Denis Grebeshkov.
16:02 of 3rd period - Antoine Vermette wins face-off versus Carson Mcmillan in Blackhawks zone.
16:03 of 3rd period - Slapshot by Kevin Shattenkirk.
16:03 of 3rd period - Deflect By Damien Brunner.
16:03 of 3rd period - Stopped by Jimmy Howard with a rebound.
16:05 of 3rd period - Snap shot by Damien Brunner.
16:05 of 3rd period - Goal by Damien Brunner - Sharks : 2 - Blackhawks : 3.
16:06 of 3rd period - Peter Regin wins face-off versus Cal Clutterbuck in neutral zone.
16:33 of 3rd period - Derick Brassard is hit by Brad Boyes and loses puck.
16:38 of 3rd period - Wrist shot by Derek Boogaard.
16:38 of 3rd period - Stopped by Jimmy Howard without a rebound.
16:39 of 3rd period - David Legwand wins face-off versus Derick Brassard in Blackhawks zone.
17:38 of 3rd period - Snap shot by Jonathan Toews.
17:38 of 3rd period - Shot Blocked by Kevin Shattenkirk.
17:44 of 3rd period - Minor Penalty to Damien Brunner for Hooking.
17:45 of 3rd period - Derick Brassard wins face-off versus Greg Campbell in Sharks zone.
17:56 of 3rd period - Snap shot by Patrick Kane.
17:56 of 3rd period - Shot Misses the Net.
19:13 of 3rd period - Slapshot by Joni Pitkanen.
19:13 of 3rd period - Shot Blocked by Kevin Shattenkirk.
19:44 of 3rd period - Penalty to Damien Brunner is over, Damien Brunner is back on ice.
19:51 of 3rd period - Sharks, Mike Brodeur is pulled from the net.
Goals for this period are 1 for Sharks vs 0 for Blackhawks.
Shots for this period are 12 for Sharks vs 10 for Blackhawks.
Back to the Top